[Event "*** SCC Grand Prix: Titled Tuesday Blitz"]
[Site "Chess.com"]
[Date "2020.09.08"]
[Round "8"]
[White "ecwinslow"]
[Black "MathiasWomacka"]
[Result "0-1"]
[WhiteElo "2293"]
[BlackElo "2416"]
[TimeControl "180+1"]
[EndTime "11:36:43 PDT"]
[Termination "MathiasWomacka won by resignation"]

1. e4 c5 2. Nf3 d6 3. d4 cxd4 4.
Nxd4 Nf6 5. Nc3 a6 6. Bg5 e6 7. f4 h6 8. Bh4 Qb6 9. a3 Nbd7 10. Bf2 Qc7 11. Bd3 b5 12. O-O Bb7 13. Qe2 Be7 14. Rae1 O-O 15. e5 dxe5 16. fxe5 Nd5 17.
Nxd5 Bxd5 18. Qh5 Rac8 19. Be3 Nc5 20. Rd1 Nxd3 21. Rxd3 Be4 22. Rc3 Qb7 23. Rxc8 Qxc8 24. Rf4 Bg6 25. Qe2 Rd8 26. h4 h5 27. c3 Rd5 28. Nf3 Qd8 29. Rd4 Rxd4 30. Bxd4 Bxh4 31.
a4 Bg3 32. axb5 axb5 33. Qxb5 Be4 34. Qe2 Qa8 35. Nd2 Qa1+ 36. Nf1 Qb1 37. b4 Bd3 38. Qf3 h4 39. Be3 Bxe5 40. Bg5 Bxc3 41. Bxh4 Bxb4 42.
Bg3 Bc5+ 43. Kh2 Qxf1 0-1

[Event "*** SCC Grand Prix: Titled Tuesday Blitz"]
[Site "Chess.com"]
[Date "2020.09.08"]
[Round "8"]
[White "olksuna"]
[Black "Beca95"]
[Result "0-1"]
[WhiteElo "2667"]
[BlackElo "2913"]
[TimeControl "180+1"]
[EndTime "11:36:44 PDT"]
[Termination "Beca95 won on time"]

1. Nf3 d5 2. g3 Bg4 3. Bg2 c6 4. O-O e6 5. h3 Bh5 6. d4 Nd7 7. c4 Bd6 8. Qb3 Rb8 9. Nc3 Ngf6 10. Nd2 O-O 11. e4 e5 12. exd5 exd4 13. Nce4 Nc5 14. Nxc5 Bxc5 15. Ne4 Nxe4 16. Bxe4 cxd5 17. cxd5 Qd7 18.
Kg2 Rbd8 19. Bg5 f6 20. Bf4 f5 21. d6+ Bf7 22. Bd5 Bxd6 23. Bxd6 Qxd6 24. Bxf7+ Rxf7 25.
Rfd1 g6 26. Rac1 Qd5+ 27. Qxd5 Rxd5 28. Kf3 Rfd7 29. Ke2 d3+ 30. Kd2 Ra5 31. a3 Rb5 32. b4 b6 33. Rc4 Kf7 34. Re1 a5 35. Re3 axb4 36. axb4 Rbd5 37. Rc3 Ra7 38. Rexd3 Ra2+ 39. Rc2 Rxd3+ 40. Kxd3 Rxc2 41. Kxc2 Ke6 42. Kd3 Kd5 43. f3 g5 44. Kc3 h5 45. Kd3 h4 46. gxh4 gxh4 47. Ke3 Kc4 48. Kf4 Kxb4 49. Kxf5 Kc3 50. f4 b5 51. Ke6 b4 52. f5 b3 53. f6 b2 54. f7 b1=Q 55. f8=Q Qe4+ 56. Kd7 Qd3+ 57.
Qd6 Qxh3+ 58. Kc6 Qf3+ 59. Kb6 h3 60. Ka7 Kb2 61. Qb4+ Kc1 62. Qc5+ Kd2 63. Qd6+ Ke1 64. Qh2 Qf2+ 0-1

[Event "*** SCC Grand Prix: Titled Tuesday Blitz"]
[Site "Chess.com"]
[Date "2020.09.08"]
[Round "8"]
[White "GMaka"]
[Black "pastouche06"]
[Result "1-0"]
[WhiteElo "2387"]
[BlackElo "2480"]
[TimeControl "180+1"]
[EndTime "11:36:44 PDT"]
[Termination "GMaka won on time"]

1. d4 Nf6 2. Bg5 Ne4 3. Bf4 d5 4. e3 c5 5. Bd3 Nc6 6. c3 cxd4 7. cxd4 Bf5 8. Ne2 e6 9. O-O Bd6 10. Nbc3 Nxc3 11. bxc3 Bxd3 12. Qxd3 O-O 13. c4 dxc4 14. Qxc4 Bxf4 15. Nxf4 Qd7 16. Nd3 b6 17. Qb5 Rfd8 18. a4 Na5 19. Rac1 Qxb5 20. axb5 Rd5 21. Rc7 Rxb5 22.
Rfc1 f6 23. Nf4 Nb3 24. Rc8+ Rxc8 25. Rxc8+ Kf7 26. Rc7+ Kg8 27. h4 a5 28. Nxe6 a4 29. Rxg7+ Kh8 30. Rf7 h5 31. Rf8+ Kh7 32. e4 a3 33.
Rf7+ Kg8 34. Rf8+ Kh7 35. Rf7+ Kg6 36. Rg7+ Kh6 37. Rc7 a2 38. Nf8 a1=Q+ 39. Kh2 1-0

[Event "*** SCC Grand Prix: Titled Tuesday Blitz"]
[Site "Chess.com"]
[Date "2020.09.08"]
[Round "8"]
[White "FlamingPhoenix123"]
[Black "Mikheev1976"]
[Result "0-1"]
[WhiteElo "2556"]
[BlackElo "2417"]
[TimeControl "180+1"]
[EndTime "11:36:45 PDT"]
[Termination "Mikheev1976 won on time"]

1. e4 e5 2. Nf3 Nf6 3. d4 Nxe4 4.
dxe5 d5 5. exd6 Bxd6 6. Bd3 Nc5 7. O-O O-O 8. Nc3 Nc6 9. Bg5 Qd7 10. Bc4 Qf5 11. Bh4 Be6 12. Bxe6 Nxe6 13. Bg3 Rad8 14.
Qe2 Ncd4 15. Nxd4 Nxd4 16. Qe4 Qxe4 17. Nxe4 Bxg3 18. hxg3 Rfe8 19. Nc5 b6 20. Nb3 Nxc2 21.
Rac1 Re2 22. f3 c5 23. Rf2 Rde8 24. Rxc2 Re1+ 25. Rf1 R1e5 26. Kf2 a5 27. a4 Rd8 28.
Re1 Red5 29. Ree2 Rd3 30. Nd2 g6 31. Nc4 Rb3 32. Rc3 Rb4 33. b3 Rd1 34. Rd2 Rxc4 35. bxc4 Rxd2+ 36. Ke3 Rxg2 37. Rb3 Rxg3 38. Rxb6 Rg2 39.
Rb5 h5 40. Rxa5 h4 41. f4 h3 42. Kf3 Rc2 43. Rb5 h2 44. Rb1 Rxc4 45. Ra1 g5 46.
a5 Rxf4+ 47. Kg2 Rb4 48. a6 Rb8 49. Kxh2 Kg7 50. Ra5 Ra8 51. Rxc5 Kg6 0-1

[Event "*** SCC Grand Prix: Titled Tuesday Blitz"]
[Site "Chess.com"]
[Date "2020.09.08"]
[Round "8"]
[White "mapleaff"]
[Black "Bhagya_2312"]
[Result "1-0"]
[WhiteElo "2379"]
[BlackElo "2104"]
[TimeControl "180+1"]
[EndTime "11:36:45 PDT"]
[Termination "mapleaff won by checkmate"]

1. d4 f5 2. c4 Nf6 3. g3 e6 4.
Bg2 d5 5. Nh3 c6 6. O-O Be7 7.
Nd2 O-O 8. Nf3 Ne4 9. Nf4 Na6 10. Nd3 dxc4 11. Nde5 Nc7 12. Nxc4 Nd5 13. Nfe5 Bf6 14. a4 Nd6 15. a5 Nxc4 16. Nxc4 Nc7 17. Bf4 Nb5 18.
e3 a6 19. Nb6 Bd7 20. Nxa8 Qxa8 21. h4 Qe8 22. Be5 Be7 23. Qc2 Qh5 24. Qd1 Qf7 25. Qe2 h6 26. f4 g5 27. hxg5 hxg5 28. e4 Qg6 29. g4 gxf4 30. exf5 exf5 31. Rxf4 Bg5 32.
gxf5 Bxf5 33. Qc4+ Rf7 34. Rf3 Be6 35. Qd3 Qxd3 36.
Rxd3 Kf8 37. Re1 Bh4 38. Rf1 Rxf1+ 39. Bxf1 Ke7 40. Rf3 Bd5 41. Rh3 Bg5 42. Rh7+ Ke6 43. Bh3# 1-0

[Event "*** SCC Grand Prix: Titled Tuesday Blitz"]
[Site "Chess.com"]
[Date "2020.09.08"]
[Round "8"]
[White "chessmachine14"]
[Black "AlexandraBotez"]
[Result "1-0"]
[WhiteElo "2351"]
[BlackElo "2227"]
[TimeControl "180+1"]
[EndTime "11:36:46 PDT"]
[Termination "chessmachine14 won on time"]

1. e4 e6 2. d4 c5 3. dxc5 Bxc5 4. Nf3 Ne7 5. Bd3 O-O 6. O-O Nbc6 7. c4 Ng6 8. b3 Nd4 9. Bb2 Nxf3+ 10. Qxf3 e5 11. g3 d6 12. Re1 Be6 13. Nd2 Qd7 14.
Nf1 Bg4 15. Qg2 Bh3 16. Qf3 f5 17. exf5 Bxf5 18. Bxf5 Rxf5 19. Qd5+ Kh8 20. Ne3 Rf7 21. Rad1 Raf8 22. Qxc5 dxc5 23. Rxd7 Rxd7 24. Nd5 Re8 25. Re4 h5 26. f4 b5 27. f5 bxc4 28. bxc4 Nf8 29. Bxe5 Rf7 30. Bxg7+ Kxg7 31. Rxe8 Rxf5 32. Re7+ Rf7 33. Re5 Kh6 34. Nf4 Rb7 35. Rxh5+ Kg7 36. Rxc5 Rb2 37. a4 Kf6 38. Rc7 a5 39. Rc5 Nd7 40. Rxa5 Ne5 41. Nh5+ Ke6 42. Ra6+ Kf5 43. Rf6+ Ke4 44. Rf2 Nf3+ 45. Kg2 Ne1+ 46. Kf1 1-0

[Event "*** SCC Grand Prix: Titled Tuesday Blitz"]
[Site "Chess.com"]
[Date "2020.09.08"]
[Round "8"]
[White "Sacbutt"]
[Black "ItsCheckM8Mate"]
[Result "0-1"]
[WhiteElo "2217"]
[BlackElo "2324"]
[TimeControl "180+1"]
[EndTime "11:36:46 PDT"]
[Termination "ItsCheckM8Mate won on time"]

1. e4 e5 2. Nf3 Nc6 3. Bc4 Nf6 4. d3 h6 5. c3 d6 6. O-O g6 7. Nbd2 Bg7 8. Re1 O-O 9. Bb3 d5 10. exd5 Nxd5 11. Nc4 Re8 12. h3 Kh7 13. a3 f5 14.
Ne3 Nf4 15. Bc2 Be6 16. Kh2 Qf6 17. g3 Nxh3 18. Kxh3 f4+ 19. Kg2 fxe3 20. Rxe3 Bg4 21. Qe1 Rf8 22. Nh2 Be6 23. f3 Rf7 24. d4 Bd5 25. Be4 Bxe4 26. Rxe4 exd4 27. Rf4 Qe7 28. Re4 Qd7 29. Bf4 dxc3 30. Rd1 Qf5 31. bxc3 Raf8 32.
Qe2 Bxc3 33. Ng4 Bg7 34. Rh1 h5 35. Ne3 Qa5 36. Nc4 Qd5 37. Ne3 Qc5 38. Nc4 b5 39. Ne3 Nd4 40. Qd3 Nf5 0-1

[Event "*** SCC Grand Prix: Titled Tuesday Blitz"]
[Site "Chess.com"]
[Date "2020.09.08"]
[Round "8"]
[White "IroniaSudby"]
[Black "Aborigen_came"]
[Result "0-1"]
[WhiteElo "2503"]
[BlackElo "2693"]
[TimeControl "180+1"]
[EndTime "11:36:47 PDT"]
[Termination "Aborigen_came won by resignation"]

1. d4 e6 2. c4 Bb4+ 3. Bd2 Bxd2+ 4. Qxd2 Nf6 5. Nc3 O-O 6. g3 d6 7. Bg2 c6 8. e3 Qe7 9. Nge2 Nbd7 10. O-O Rd8 11.
b4 Nb6 12. c5 Nc4 13. Qc2 d5 14. a4 e5 15. e4 exd4 16. Nxd4 dxe4 17. Rad1 a5 18.
Nxe4 Na3 19. Qb3 Nxe4 20. Qxa3 axb4 21. Qxb4 Qxc5 22. Nxc6 Rxd1 23. Rxd1 Qxf2+ 24. Kh1 Bg4 25. Ne7+ Kh8 26. Qxb7 Rf8 27. Rf1 Nxg3+ 28. hxg3 Qxg3 29. Qe4 f5 30. Qf4 Qh4+ 31. Kg1 Qxe7 32. a5 h5 33. a6 Qa7+ 34. Kh2 Qxa6 35. Qg5 Qf6 36. Qf4 Kh7 37.
Re1 Qg6 38. Qc7 Rf7 39. Qd8 Qf6 40. Re2 Qxd8 0-1

[Event "*** SCC Grand Prix: Titled Tuesday Blitz"]
[Site "Chess.com"]
[Date "2020.09.08"]
[Round "8"]
[White "indfraeng"]
[Black "TrickyFortem"]
[Result "0-1"]
[WhiteElo "2335"]
[BlackElo "2453"]
[TimeControl "180+1"]
[EndTime "11:36:48 PDT"]
[Termination "TrickyFortem won by resignation"]

1. d4 Nf6 2. c4 g6 3. g3 Bg7 4.
Bg2 O-O 5. Nc3 d6 6. Nf3 Nbd7 7.
O-O e5 8. e4 exd4 9. Nxd4 Re8 10.
h3 a6 11. Re1 Rb8 12. Rb1 Ne5 13. b3 c5 14. Nc2 Nh5 15. Bb2 b5 16. Ne3 bxc4 17.
bxc4 Be6 18. Ncd5 Bxd5 19. cxd5 Qa5 20. f4 Rxb2 21. Rxb2 Nd3 22. Rbe2 Nxe1 23. Qxe1 Qxe1+ 24. Rxe1 Nxg3 25. Nc4 Rd8 26. e5 Nh5 27. e6 Bf6 28.
e7 Re8 29. Nxd6 Rxe7 30. Rxe7 Bxe7 31. Nb7 Nxf4 32. d6 Bh4 33. d7 Ne6 34. Bf1 Kf8 35. Bxa6 Be7 36. a4 Nd8 37. a5 c4 38. Bb5 c3 39.
Bd3 Nxb7 40. a6 Nd8 41. Kf1 Bc5 42. Ke1 Ke7 43. Bb5 f5 44. Kd1 f4 45. Kc2 Bd4 46.
Kd3 Ne6 47. Bc4 f3 48. Bxe6 f2 49. Ke2 c2 50. a7 Bxa7 51. d8=Q+ Kxd8 52. Kd2 f1=Q 53. Kxc2 Qe2+ 0-1

[Event "*** SCC Grand Prix: Titled Tuesday Blitz"]
[Site "Chess.com"]
[Date "2020.09.08"]
[Round "8"]
[White "Xeniya2005"]
[Black "mmaks007"]
[Result "1-0"]
[WhiteElo "2403"]
[BlackElo "2250"]
[TimeControl "180+1"]
[EndTime "11:36:48 PDT"]
[Termination "Xeniya2005 won by resignation"]

1. e4 g6 2. d4 Bg7 3. Nf3 d6 4. Bc4 Nf6 5. Qe2 O-O 6. O-O Bg4 7. h3 Bxf3 8. Qxf3 e5 9. d5 Nbd7 10. Nc3 Nh5 11. Qe2 a6 12. a4 Nf4 13. Bxf4 exf4 14. Rfe1 Ne5 15. f3 b6 16. Bxa6 g5 17. Bb5 h5 18.
Qf2 Bh6 19. Ne2 Qf6 20. Rf1 Ng6 21. Bd7 Qxb2 22. Nd4 Ne5 23. Rab1 Qc3 24. Rb3 Qc5 25. Rfb1 Bg7 26. Rb5 Qxd4 27. Qxd4 Nxf3+ 28. gxf3 Bxd4+ 29. Kg2 Kg7 30. R5b3 Rxa4 31. Bxa4 Bc5 32. Bc6 Kf6 33.
Ra1 Ke5 34. Ra7 g4 35. hxg4 hxg4 36. fxg4 Rg8 37. Bd7 Rg6 38. Bf5 Rh6 39. Rh3 Rxh3 40. Kxh3 f3 41. Kg3 f2 42. Kg2 Kf4 43. Kf1 1-0

[Event "*** SCC Grand Prix: Titled Tuesday Blitz"]
[Site "Chess.com"]
[Date "2020.09.08"]
[Round "8"]
[White "paulrusan"]
[Black "AsaHoffmann"]
[Result "1-0"]
[WhiteElo "2282"]
[BlackElo "2385"]
[TimeControl "180+1"]
[EndTime "11:36:48 PDT"]
[Termination "paulrusan won by resignation"]

1. e4 d6 2. d4 Nf6 3. Nc3 c6 4. f4 Qa5 5. Bd3 e5 6. Ne2 Bg4 7. Be3 Nbd7 8. Qd2 Bxe2 9. Qxe2 b5 10. O-O Be7 11. fxe5 dxe5 12. d5 cxd5 13. exd5 a6 14.
d6 Bxd6 15. a4 b4 16. Ne4 Be7 17. g4 O-O 18. g5 Nd5 19. Bd2 Nf4 20. Bxf4 exf4 21.
Qh5 g6 22. Qh6 Qe5 23. Rae1 Qg7 24. Qxg7+ Kxg7 25. Rxf4 Nc5 26. Nxc5 Bxc5+ 27. Kg2 a5 28. b3 f6 29. gxf6+ Rxf6 30. Rxf6 Kxf6 31. Bc4 Rd8 32.
Re6+ Kg7 33. Ra6 Rd2+ 34. Kf3 Bd6 35. h4 Be5 36. Rxa5 Bf6 37. Ra7+ Kh6 38. Bg8 Bxh4 39. Rxh7+ Kg5 40. a5 Rxc2 41. Bc4 Ra2 42. a6 Be1 43. a7 Bc3 44. Bd5 Bd4 45. a8=Q 1-0

[Event "*** SCC Grand Prix: Titled Tuesday Blitz"]
[Site "Chess.com"]
[Date "2020.09.08"]
[Round "8"]
[White "Kazmin_Dmitrij"]
[Black "HrvojeZagreb"]
[Result "0-1"]
[WhiteElo "2269"]
[BlackElo "2173"]
[TimeControl "180+1"]
[EndTime "11:36:48 PDT"]
[Termination "HrvojeZagreb won on time"]

1. e4 d6 2. d4 Nf6 3. Nc3 Nbd7 4. f4 e5 5. Bc4 exd4 6. Qxd4 g6 7. e5 dxe5 8. fxe5 Qe7 9. Nf3 Bg7 10. Bg5 h6 11.
Nd5 Nxd5 12. Bxe7 Nxe7 13. Bb5 c6 14. Bc4 O-O 15. O-O-O Nf5 16. Qc3 b5 17. Bd3 Ne3 18.
Rd2 Nd5 19. Qd4 Re8 20. Re1 Nf8 21. c4 Ne6 22. Qh4 Ndf4 23. Be4 g5 24. Qf2 Nc5 25. Bxc6 Ncd3+ 26. Rxd3 Nxd3+ 27. Kc2 Nxf2 28. Bxe8 Bf5+ 29. Kc3 Rxe8 30. Kd4 g4 31. cxb5 gxf3 32. gxf3 Rxe5 33. Rxe5 Nd3 34. f4 Nxe5 35. fxe5 Bc8 36. a4 h5 37. b4 Bf8 38. Kc4 Be6+ 39. Kd4 Bxb4 40. a5 Bxa5 0-1

[Event "*** SCC Grand Prix: Titled Tuesday Blitz"]
[Site "Chess.com"]
[Date "2020.09.08"]
[Round "8"]
[White "davigator"]
[Black "skoularikii"]
[Result "0-1"]
[WhiteElo "2353"]
[BlackElo "2492"]
[TimeControl "180+1"]
[EndTime "11:36:50 PDT"]
[Termination "skoularikii won by resignation"]

1. e4 e5 2. Nf3 Nc6 3. Bb5 a6 4. Ba4 b5 5. Bb3 Nf6 6. d3 Bc5 7. O-O O-O 8. c3 d6 9. h3 h6 10. a4 Rb8 11. Re1 Bb7 12. d4 Bb6 13. d5 Ne7 14. axb5 axb5 15. Na3 Ra8 16. Be3 Bxe3 17.
Rxe3 c6 18. dxc6 Bxc6 19. Nd2 Ng6 20. Nc2 Qb6 21. Nb4 Rxa1 22. Qxa1 Bb7 23. Qd1 Nf4 24. Kh2 Ra8 25. g3 Ne6 26. Nd5 Bxd5 27. Bxd5 Nxd5 28. exd5 Nc7 29. Ne4 f5 30. Nf6+ gxf6 31. Qh5 Nxd5 32.
Qg6+ Kf8 33. Qxh6+ Ke7 34. Qh7+ Ke6 35. Rf3 Ne7 36. g4 f4 37. g5 Rf8 38. g6 Qc6 39. g7 Rg8 40. Rd3 Qe8 41. Qe4 Rxg7 42. Qb7 Qc6 43.
Qxc6 Nxc6 44. h4 d5 45. f3 e4 46. Rd1 Ne5 47. fxe4 dxe4 48. h5 e3 49. h6 e2 50.
hxg7 Kf7 51. Rg1 Nf3+ 52. Kg2 Nxg1 53. Kf2 Kxg7 0-1

[Event "*** SCC Grand Prix: Titled Tuesday Blitz"]
[Site "Chess.com"]
[Date "2020.09.08"]
[Round "8"]
[White "novocane"]
[Black "Euge_chess"]
[Result "1-0"]
[WhiteElo "2303"]
[BlackElo "2120"]
[TimeControl "180+1"]
[EndTime "11:36:51 PDT"]
[Termination "novocane won on time"]

1. d4 Nf6 2. c4 c5 3. d5 e6 4. Nc3 exd5 5. cxd5 d6 6. e4 g6 7. f3 Bg7 8. Bg5 O-O 9. Qd2 Nbd7 10. Nh3 a6 11. a4 b6 12. Be2 Rb8 13. O-O Qc7 14. Rac1 Re8 15. Nf2 Ne5 16. h3 h5 17. f4 Ned7 18. e5 dxe5 19. f5 e4 20. fxg6 fxg6 21. d6 Qa7 22. Nfxe4 Nxe4 23. Nxe4 Bb7 24. Nf6+ Nxf6 25.
Bxf6 Bc6 26. Bxg7 Qxg7 27. Bc4+ Kh8 28. Rf7 Qd4+ 29. Qxd4+ cxd4 30. Bxa6 Bd5 31. Re7 Rxe7 32.
dxe7 Kg7 33. Rc7 Bf7 34. Bb5 d3 35. e8=Q Rxe8 36. Bxe8 d2 37. Rxf7+ 1-0

[Event "*** SCC Grand Prix: Titled Tuesday Blitz"]
[Site "Chess.com"]
[Date "2020.09.08"]
[Round "8"]
[White "Off-War"]
[Black "Zhani-Z"]
[Result "0-1"]
[WhiteElo "2653"]
[BlackElo "2516"]
[TimeControl "180+1"]
[EndTime "11:36:52 PDT"]
[Termination "Zhani-Z won by resignation"]

1. d4 Nf6 2. c4 e6 3. Nc3 d5 4.
cxd5 Nxd5 5. e4 Nxc3 6. bxc3 c5 7. Nf3 cxd4 8. cxd4 Bb4+ 9. Bd2 Bxd2+ 10. Qxd2 O-O 11. Bc4 Nd7 12. O-O b6 13. Rad1 Bb7 14. Rfe1 Rc8 15. Bd3 Re8 16. Qf4 Qf6 17. Qg3 h6 18. d5 e5 19. Bb5 Rcd8 20. Rc1 a6 21. Bxd7 Rxd7 22. Rc3 Qd6 23. Nh4 g6 24. Rec1 Kh7 25. Nf3 f5 26. Rc6 Bxc6 27. Rxc6 Rc7 28. Rxc7+ Qxc7 29. h4 fxe4 30.
Nd2 Qc1+ 31. Nf1 Qf4 32. Qc3 Rf8 33. Qc7+ Rf7 34. Qc2 Qxh4 35. Ne3 Qe7 36. Qxe4 Rf4 37. Qd3 Rd4 38. Qxa6 e4 39. Qxb6 Rd2 40. Qc6 Qf7 41.
g3 Qxf2+ 0-1

[Event "*** SCC Grand Prix: Titled Tuesday Blitz"]
[Site "Chess.com"]
[Date "2020.09.08"]
[Round "8"]
[White "DvaHrasta"]
[Black "Jenia84"]
[Result "0-1"]
[WhiteElo "2462"]
[BlackElo "2334"]
[TimeControl "180+1"]
[EndTime "11:36:53 PDT"]
[Termination "Jenia84 won on time"]

1. c4 Nf6 2. g3 e5 3. Bg2 d5 4.
cxd5 Nxd5 5. Nf3 Bd6 6. O-O O-O 7.
b3 c5 8. Bb2 Nc6 9. Na3 a6 10.
Rc1 Be6 11. Nc4 f6 12. e3 Rc8 13. d4 cxd4 14. exd4 e4 15. Ne1 f5 16. Nc2 Be7 17.
N2e3 b5 18. Nxd5 bxc4 19. Nxe7+ Nxe7 20. d5 Qxd5 21. bxc4 Rxc4 22. Rxc4 Qxd1 23. Rxd1 Bxc4 24. Rd7 Re8 25. a3 Kf7 26. g4 g6 27. Bh3 Ke6 28.
Rc7 Bb5 29. g5 Rc8 30. Rxc8 Nxc8 31. f3 Nd6 32. Bc1 exf3 33. Kf2 Be2 34. Bf1 Ne4+ 35.
Ke1 Bxf1 36. Kxf1 Nc3 37. Kf2 Ne2 38. Bd2 Nd4 39. Be3 Kd5 40. h4 Ke4 41. Bd2 Nc2 0-1

[Event "*** SCC Grand Prix: Titled Tuesday Blitz"]
[Site "Chess.com"]
[Date "2020.09.08"]
[Round "8"]
[White "Zmof"]
[Black "allvim"]
[Result "1-0"]
[WhiteElo "2239"]
[BlackElo "2344"]
[TimeControl "180+1"]
[EndTime "11:36:53 PDT"]
[Termination "Zmof won by resignation"]

1. e4 c6 2. d4 d5 3. Nc3 dxe4 4.
Nxe4 Nf6 5. Nxf6+ exf6 6. Bc4 Bd6 7. Qe2+ Be7 8. Nf3 O-O 9. Be3 Re8 10. O-O Nd7 11.
Rfe1 Nf8 12. Rad1 Bg4 13. d5 cxd5 14. Bxd5 Qc7 15. h3 Bh5 16. c4 Bc5 17. Qd2 Rad8 18.
Bxc5 Qxc5 19. Rxe8 Rxe8 20. b3 b6 21. b4 Qc7 22. a3 Ne6 23. Re1 Rd8 24. Qe3 Nf8 25. Qe7 Rd7 26. Qe8 h6 27. Nd4 Qd8 28. Nf5 Bg6 29.
Ne7+ Kh7 30. Nxg6 fxg6 31. Qxd8 Rxd8 32. Re7 Nd7 33. f4 a5 34. Kf2 f5 35. Ke3 Nf6 36. Kd4 axb4 37. axb4 Ne4 38. Re6 b5 39. cxb5 Nf6 40.
Re5 Rb8 41. Kc5 Nd7+ 42. Kc6 Nxe5+ 43. fxe5 g5 44. b6 Kg6 45. b7 f4 46. Kc7 Re8 47.
b8=Q Rxb8 48. Kxb8 Kf5 49. b5 Kxe5 50. Bf3 g6 51. b6 h5 1-0

[Event "*** SCC Grand Prix: Titled Tuesday Blitz"]
[Site "Chess.com"]
[Date "2020.09.08"]
[Round "8"]
[White "XDPS"]
[Black "m_ezat"]
[Result "0-1"]
[WhiteElo "2779"]
[BlackElo "2612"]
[TimeControl "180+1"]
[EndTime "11:36:54 PDT"]
[Termination "m_ezat won by resignation"]

1. d4 Nf6 2. Nf3 g6 3. Nbd2 d5 4. e3 Bg7 5. b4 O-O 6. c4 a5 7.
b5 c5 8. dxc5 Ne4 9. Nxe4 dxe4 10. Nd4 Nd7 11. Ba3 Qc7 12. b6 Qe5 13. Rb1 Qg5 14. h4 Qf6 15. c6 Ne5 16. cxb7 Bxb7 17.
Be2 Rac8 18. c5 Rfd8 19. Rb3 h5 20. Qb1 Nd3+ 21. Bxd3 exd3 22. Rxd3 Be4 23. b7 Rb8 24. c6 Bxd3 25. Qxd3 e5 26. c7 exd4 27. cxb8=Q Rxb8 28. Qe4 Qa6 29. exd4 Rxb7 30. Rh3 Bf6 31. Re3 Kg7 32.
g3 Rb6 33. Bc5 Rb2 34. Re2 Rb8 35. Kf1 Rb2 36. Ke1 Rb8 37. f3 a4 38. Kf2 a3 39.
Kg2 Rb2 40. Kf2 Qc4 41. Rxb2 axb2 42. Ba3 Qxa2 43. Bxb2 Qxb2+ 44. Ke3 Qc3+ 45. Qd3 Bxd4+ 46. Ke4 Qxd3+ 47. Kxd3 Bf2 0-1

[Event "*** SCC Grand Prix: Titled Tuesday Blitz"]
[Site "Chess.com"]
[Date "2020.09.08"]
[Round "8"]
[White "talyamania"]
[Black "winniethepooh04"]
[Result "1-0"]
[WhiteElo "2342"]
[BlackElo "2216"]
[TimeControl "180+1"]
[EndTime "11:36:55 PDT"]
[Termination "talyamania won by checkmate"]

1. e4 c5 2. Nf3 d6 3. d4 cxd4 4. Nxd4 Nf6 5. Nc3 a6 6. Bg5 e6 7. f4 Be7 8. Qf3 Qc7 9. O-O-O Nc6 10. g4 Bd7 11. Bg2 Nxd4 12. Rxd4 Bc6 13. Rhd1 b5 14. a3 a5 15. Qd3 Rb8 16. Bxf6 gxf6 17. a4 b4 18. Nb5 Bxb5 19. axb5 Qc5 20. e5 fxe5 21.
Rc4 Qf2 22. Bc6+ Kf8 23. fxe5 dxe5 24. Kb1 Rd8 25. Qf1 Rxd1+ 26. Qxd1 Kg7 27. Re4 Rd8 28. Qe2 Qg1+ 29. Ka2 a4 30. Qe3 Qh1 31. Rxb4 Qd1 32. Rc4 a3 33. bxa3 Bf6 34. g5 Be7 35. Qe4 Rb8 36.
Ra4 Rd8 37. Ra7 Bd6 38. Rxf7+ Kxf7 39. Qxh7+ Kf8 40. Qh8+ Ke7 41. Qf6# 1-0

[Event "*** SCC Grand Prix: Titled Tuesday Blitz"]
[Site "Chess.com"]
[Date "2020.09.08"]
[Round "8"]
[White "KaterynaLagno"]
[Black "bsnsun"]
[Result "1-0"]
[WhiteElo "2705"]
[BlackElo "2431"]
[TimeControl "180+1"]
[EndTime "11:36:56 PDT"]
[Termination "KaterynaLagno won by resignation"]

1. e4 c5 2. Nf3 d6 3. Bb5+ Nd7 4. Ba4 Nf6 5. O-O g6 6. Re1 Bg7 7. c3 a6 8. d4 O-O 9. Nbd2 b5 10. Bc2 Bb7 11.
Nf1 e5 12. dxe5 dxe5 13. Bg5 Qc7 14. b3 c4 15. b4 h6 16. Bxf6 Nxf6 17. a4 Rfd8 18.
Qe2 Bc6 19. h3 a5 20. axb5 Bxb5 21. Ba4 Bxa4 22. Rxa4 axb4 23. Rxb4 Rdc8 24. N1d2 Bf8 25. Rxc4 Qa5 26. Rc1 Qa3 27. Qf1 Nd7 28. Rxc8 Rxc8 29. Nc4 Qc5 30. Ne3 Qa3 31. Nd5 Qa4 32. c4 Bc5 33.
Rd1 Qc2 34. Ne3 Qa4 35. Qd3 Nf6 36. Nxe5 Bxe3 37. fxe3 Kg7 38. Rf1 Re8 39. Qd4 Qa6 40. Ng4 Re6 41. Nxf6 Rxf6 42. c5 Qc6 43. Rxf6 Qxf6 44.
c6 1-0

[Event "*** SCC Grand Prix: Titled Tuesday Blitz"]
[Site "Chess.com"]
[Date "2020.09.08"]
[Round "8"]
[White "Vsevolod_Ovchinnikov"]
[Black "PavelShkapenko"]
[Result "0-1"]
[WhiteElo "2563"]
[BlackElo "2697"]
[TimeControl "180+1"]
[EndTime "11:36:56 PDT"]
[Termination "PavelShkapenko won on time"]

1. d4 Nf6 2. c4 e6 3. g3 Bb4+ 4. Bd2 Qe7 5. Bg2 Nc6 6. d5 Ne5 7. Qb3 Bxd2+ 8. Nxd2 O-O 9. e3 d6 10. Ne2 a5 11. O-O Ned7 12. dxe6 fxe6 13. Rad1 Nc5 14. Qa3 Bd7 15. Nb3 Nce4 16. Nc3 Nxc3 17. bxc3 Bc6 18. Bxc6 bxc6 19. Nd4 Ne4 20. f3 Nc5 21. Nxc6 Qg5 22. Qc1 Ra6 23. Nd4 Rb6 24. Ne2 Rfb8 25. e4 Qf6 26.
Nd4 a4 27. Rd2 Qd8 28. Qe1 Qc8 29. Qe3 Qa6 30. Qe2 Rb1 31. Kg2 a3 32. Rf2 R1b2 33.
Qf1 h6 34. h4 Qa5 35. Qc1 Qb6 36. Qf1 Rb1 37. Qe2 Qa5 38. Qe3 R1b2 39. h5 Rxd2 40. Rxd2 Rb2 41. Kh3 Qb6 42. Qe2 Rxd2 43. Qxd2 Qb2 44.
Qf4 Qxa2 45. Qg4 Qb1 46. Qg6 Qb8 0-1

[Event "*** SCC Grand Prix: Titled Tuesday Blitz"]
[Site "Chess.com"]
[Date "2020.09.08"]
[Round "8"]
[White "ChessLover0108"]
[Black "rasmussvane"]
[Result "1-0"]
[WhiteElo "2681"]
[BlackElo "2860"]
[TimeControl "180+1"]
[EndTime "11:36:57 PDT"]
[Termination "ChessLover0108 won by checkmate"]

1. d4 d5 2. c4 e6 3. Nc3 a6 4.
cxd5 exd5 5. Nf3 Nf6 6. Qb3 h6 7. Bf4 Bd6 8. e3 O-O 9. Bd3 Re8 10. O-O c6 11. Rac1 Qe7 12. Rfe1 Nbd7 13. h3 Nf8 14. Na4 Ne6 15. Nb6 Rb8 16. Bxd6 Qxd6 17. Ne5 Ng5 18. f3 Be6 19. Qa3 Qd8 20. Na4 Nd7 21.
f4 Nh7 22. Nc5 Ndf6 23. Rf1 Qe7 24. Qc3 Rbd8 25. b4 Nh5 26. a4 N7f6 27. b5 axb5 28. axb5 Rc8 29. b6 Ra8 30. Ra1 Ng3 31. Rxa8 Rxa8 32.
Ra1 Rxa1+ 33. Qxa1 Bf5 34. Bxf5 Nxf5 35. Qa8+ Kh7 36.
Qxb7 Qd8 37. Qxf7 Nxe3 38. Ne6 Qg8 39. Qxg8+ Kxg8 40. b7 Nd7 41. Nxd7 Kf7 42. Ndc5 Nc4 43. b8=Q Nd6 44. Qf8+ Kg6 45. Qxd6 Kh5 46. Nxg7+ Kh4 47. Qxh6+ Kg3 48. Nf5# 1-0

[Event "*** SCC Grand Prix: Titled Tuesday Blitz"]
[Site "Chess.com"]
[Date "2020.09.08"]
[Round "8"]
[White "Leonid_Starozhilov"]
[Black "PIwan"]
[Result "1-0"]
[WhiteElo "2690"]
[BlackElo "2553"]
[TimeControl "180+1"]
[EndTime "11:36:57 PDT"]
[Termination "Leonid_Starozhilov won on time"]

1. e4 e6 2. d3 d5 3. Nd2 Nf6 4. Ngf3 Nc6 5. c3 a5 6. e5 Nd7 7. d4 f6 8. Bb5 fxe5 9. dxe5 Be7 10. Bxc6 bxc6 11. Nd4 Nxe5 12. Qh5+ Ng6 13. Nxc6 Qd6 14. Nxe7 Qxe7 15. Nf3 Ba6 16. Be3 Rb8 17. O-O-O Be2 18.
Rd2 Bxf3 19. Qxf3 Ne5 20. Qh5+ Nf7 21. Bd4 O-O 22. Re1 c5 23. Be5 Rb6 24. Qg4 Nxe5 25. Rxe5 Qf6 26. Rde2 Qf4+ 27. Qxf4 Rxf4 28. g3 Rf6 29. f4 Kf7 30. b3 Rh6 31. f5 Rf6 32. fxe6+ Rbxe6 33. Kb2 Rxe5 34. Rxe5 Rf2+ 35. Ka3 Rd2 36.
h4 Kf6 37. Re8 Rd3 38. Ka4 Rxc3 39. Kxa5 Rxg3 40. Kb5 Rc3 41. Re2 1-0

[Event "*** SCC Grand Prix: Titled Tuesday Blitz"]
[Site "Chess.com"]
[Date "2020.09.08"]
[Round "8"]
[White "kidagent"]
[Black "GameOverBro"]
[Result "0-1"]
[WhiteElo "2290"]
[BlackElo "2466"]
[TimeControl "180+1"]
[EndTime "11:36:57 PDT"]
[Termination "GameOverBro won on time"]

1. e4 e5 2. Nf3 d5 3. Nxe5 dxe4 4. d4 Nd7 5. Nc3 Nxe5 6. dxe5 Qxd1+ 7. Kxd1 Bf5 8. Be3 O-O-O+ 9. Ke1 Ne7 10. Bc4 Bg6 11. Ke2 Nc6 12. e6 f5 13. f3 Ne5 14.
Bb3 Bb4 15. Rad1 exf3+ 16. gxf3 Bh5 17. Rxd8+ Rxd8 18. Rf1 h6 19. Nd5 Bd6 20. Nf4 Be8 21. h3 g5 22. Nd3 Ng6 23. f4 g4 24. hxg4 fxg4 25. f5 Nh4 26. Bxh6 g3 27. Bg5 Bh5+ 28. Ke3 g2 29. Ra1 Nf3 30. Bxd8 Kxd8 31. Bd5 g1=Q+ 32.
Rxg1 Nxg1 33. Kf2 Ne2 34. Bxb7 Nd4 35. c3 Nxf5 36. Be4 Ng7 37. Bd5 Bg4 38. Bg2 Nxe6 39.
Ke3 Kd7 40. Nf2 Bf5 41. Ne4 Be5 42. b3 Bf4+ 43. Kd3 Ng5 0-1